Map: Torri del crepuscolo

Players

Jhyrachy

  • Race: Zerg Zerg
  • League: Gold

KungFuPanda - Winner!

  • Race: Terran Terran
  • League: Platinum

VOD

Have the link to the VOD?

Description

Time

  • Played on: May 26, 2016, 6:44 a.m.
  • Length: 18:02
Show
View Real Time Build Order
Export as new Build Order

Jhyrachy Zerg 

Build Orders: Hatch First 

Get SALT Encoding   

  12  0:01  Drone  
  13  0:10  Drone  
  14  0:17  Overlord  
  14  0:35  Drone x3  
  17  0:56  Drone  
  18  0:57  Hatchery  
  18  1:02  Extractor  
  18  1:03  Drone  
  17  1:13  Drone  
  18  1:19  Spawning Pool  
  18  1:22  Drone  
  18  1:31  Drone  
  19  1:40  Overlord  
  19  2:07  Metabolic Boost  
  19  2:08  Queen  
  21  2:10  Zergling x4  
  23  2:16  Queen  
  23  2:18  Drone  
  23  2:19  Zergling x2  
  27  2:29  Zergling x2, Drone  
  29  2:47  Drone x2  
  29  2:48  Drone  
  29  2:49  Zergling x2  
  33  2:52  Overlord  
  33  3:25  Lair  
  32  3:29  Extractor  
  32  3:30  Overlord x2  
  31  3:43  Extractor  
  31  3:46  Extractor  
  29  4:05  Drone x5  
  29  4:06  Drone x4  
  38  4:44  Spore Crawler  
  37  4:48  Spire  
  37  4:49  Drone x3  
  37  4:50  Overlord x2  
  39  4:53  Zergling x6  
  39  4:59  Drone x2  
  44  5:10  Drone  
  44  5:11  Drone  
  46  5:31  Overlord x2  
  44  6:00  Mutalisk  
  44  6:01  Mutalisk x11  
  44  6:03  Hatchery  
  67  6:24  Zerg Flyer Weapons Level 1  
  67  6:35  Roach Warren  
  66  6:43  Queen  
  68  7:35  Queen  
  70  7:37  Drone x5  
  70  7:38  Drone x3  
  78  8:05  Roach x2  
  82  8:06  Overlord x3  
  82  8:32  Roach  
  82  8:33  Roach x11  
  106  8:43  Overlord x2  
  106  8:44  Overlord  
  106  8:47  Glial Reconstitution  
  106  8:51  Burrow  
  108  9:10  Roach x11  
  108  9:11  Roach  
  130  9:24  Overlord x4  
  129  9:38  Pneumatized Carapace  
  129  9:50  Ravager  
  129  9:51  Ravager x7  
  137  9:54  Roach x5  
  137  9:55  Roach x7  
  161  10:22  Overlord x2  
  161  10:23  Overlord  
  161  10:44  Drone x5  
  166  10:55  Evolution Chamber  
  165  10:58  Corruptor x5, Evolution Chamber  
  165  10:59  Corruptor x4  
  165  11:03  Roach  
  184  11:07  Overlord  
  184  11:30  Extractor  
  183  11:33  Zerg Ground Armor Level 1, Zerg Missile Weapons Level 1  
  183  11:43  Overseer  
  183  11:47  Tunneling Claws  
  183  11:56  Queen  
  185  12:22  Hatchery, Zerg Flyer Weapons Level 2  
  184  12:25  Roach  
  184  12:26  Roach x3  
  184  12:27  Overlord x2  
  190  14:06  Roach x2  
  190  14:07  Roach x2  
  196  14:40  Infestation Pit  
  195  14:51  Roach x39  
  95  15:28  Mutalisk x6  
  53  15:45  Corruptor  
  53  15:46  Corruptor x14, Spore Crawler  
  53  15:47  Spore Crawler x2  
  77  16:02  Zerg Flyer Armor Level 1  
  69  16:26  Spore Crawler  
  69  16:30  Spore Crawler, Spine Crawler  
  69  16:32  Zergling x2  
  53  16:33  Zergling x18  
  62  16:45  Mutalisk x5  
  71  17:22  Hatchery  
  70  17:27  Hatchery  
  70  17:29  Infestation Pit  
Show
View Real Time Build Order
Export as new Build Order

KungFuPanda Terran - Winner!

Build Orders: Command Center First (CC) 

Get SALT Encoding   

  12  0:01  SCV  
  13  0:13  SCV  
  14  0:18  Supply Depot  
  14  0:25  SCV  
  15  0:40  SCV  
  16  0:58  Command Center  
  16  1:07  Barracks  
  16  1:15  Supply Depot  
  16  1:19  SCV  
  17  1:31  SCV  
  18  1:43  SCV  
  19  1:54  Marine  
  19  1:55  SCV  
  21  2:09  Orbital Command  
  21  2:13  Refinery  
  21  2:14  Refinery, Orbital Command  
  21  2:21  Marine  
  22  2:38  SCV  
  22  2:40  SCV  
  24  2:45  Marine  
  24  2:50  SCV  
  26  2:52  SCV  
  27  3:03  Marine  
  28  3:21  Marine  
  29  3:29  Factory  
  29  3:31  SCV  
  29  3:33  Factory  
  30  3:35  SCV  
  31  3:43  SCV  
  31  3:45  Barracks Tech Lab  
  31  3:47  SCV  
  33  3:55  SCV  
  34  3:58  Refinery  
  34  4:00  SCV  
  35  4:03  Engineering Bay  
  35  4:06  Engineering Bay, Combat Shields  
  35  4:07  SCV  
  36  4:12  SCV  
  36  4:13  Supply Depot  
  36  4:14  Supply Depot  
  36  4:15  Factory Tech Lab  
  36  4:16  Starport  
  37  4:17  Factory Tech Lab  
  37  4:19  SCV  
  37  4:24  SCV  
  39  4:31  SCV  
  39  4:34  Marauder  
  39  4:36  Siege Tank  
  45  4:41  SCV  
  45  4:42  Refinery  
  45  4:43  SCV  
  47  4:48  Siege Tank  
  50  4:54  SCV  
  50  4:55  Command Center  
  51  5:01  Medivac  
  53  5:07  SCV x2  
  53  5:11  Marine  
  56  5:19  SCV x2  
  56  5:21  Barracks  
  58  5:23  Barracks  
  58  5:25  Terran Infantry Weapons Level 1, Terran Infantry Armor Level 1  
  58  5:29  Marine  
  58  5:34  SCV x2  
  61  5:46  SCV  
  62  5:50  Starport Reactor  
  62  5:55  Starport  
  62  5:56  Missile Turret  
  62  6:00  Missile Turret  
  62  6:02  Supply Depot  
  62  6:03  Supply Depot  
  62  6:07  SCV x2  
  64  6:12  Orbital Command  
  64  6:16  Liberator  
  64  6:18  Barracks  
  64  6:19  Liberator, SCV x2  
  66  6:31  SCV  
  67  6:34  Command Center  
  67  6:39  Starport Reactor  
  73  6:41  Orbital Command  
  73  6:51  Siege Tank  
  76  6:55  Siege Tank  
  76  6:57  Refinery  
  76  7:00  Bunker  
  79  7:08  Marine x3  
  82  7:28  Liberator  
  79  7:45  Marine x2  
  79  7:49  Bunker  
  79  7:50  Orbital Command  
  84  8:00  Liberator x2, Missile Turret  
  84  8:01  Missile Turret  
  84  8:03  Missile Turret  
  84  8:08  Refinery  
  84  8:12  Missile Turret  
  84  8:16  Missile Turret  
  90  8:20  Missile Turret  
  90  8:25  Armory  
  90  8:34  Missile Turret  
  90  8:35  Missile Turret  
  90  8:37  Missile Turret  
  90  8:51  Supply Depot  
  90  8:55  Liberator x3  
  90  8:57  Missile Turret  
  90  9:07  Barracks Reactor x3  
  90  9:13  Supply Depot  
  90  9:15  Supply Depot  
  99  9:17  Liberator  
  99  9:21  Orbital Command  
  99  9:31  Barracks  
  102  9:38  Liberator x2  
  102  9:45  Supply Depot  
  102  9:47  Terran Infantry Weapons Level 2, Terran Infantry Armor Level 2  
  102  9:50  Marine x7  
  109  9:54  Missile Turret  
  115  10:06  Medivac  
  117  10:07  Marine  
  117  10:08  Marine x6  
  117  10:13  Terran Vehicle Weapons Level 1  
  124  10:16  Missile Turret  
  124  10:26  Supply Depot  
  124  10:27  Supply Depot  
  124  10:37  Missile Turret  
  124  10:40  Refinery  
  124  10:43  Refinery  
  124  10:46  Stimpack  
  124  10:47  Marine x4, Medivac x2  
  124  10:48  Marine, Medivac x2  
  137  10:53  Barracks  
  137  10:54  Barracks Tech Lab  
  137  10:55  Barracks  
  137  10:56  Marine, Marauder, Barracks  
  140  11:04  Supply Depot x2  
  140  11:08  Missile Turret  
  140  11:16  Supply Depot  
  140  11:17  Supply Depot  
  140  11:25  Marine x6, Medivac, Marauder  
  148  11:26  Siege Tank x2  
  156  11:37  Medivac  
  156  11:38  SCV x4  
  162  11:42  Barracks Tech Lab x2  
  162  11:43  Marine x3  
  162  11:44  Barracks Tech Lab  
  167  11:47  Marauder  
  167  11:50  SCV x2  
  167  11:53  SCV  
  170  11:54  SCV  
  171  12:02  Supply Depot x2, SCV  
  171  12:06  Terran Infantry Weapons Level 3  
  171  12:07  Terran Ship Weapons Level 1  
  172  12:23  Marauder, Siege Tank, SCV x3  
  172  12:24  Terran Infantry Armor Level 3, Siege Tank  
  172  12:27  Supply Depot  
  172  12:29  Supply Depot  
  183  12:33  Marauder x2  
  183  12:34  Marine  
  188  12:47  Liberator, Concussive Shells  
  188  12:48  Marine, SCV  
  188  12:49  Marauder x2  
  188  12:51  Marauder  
  200  13:03  Marine  
  200  13:19  Bunker  
  200  14:11  Command Center  
  200  14:19  Command Center  
  200  14:23  Command Center  
  151  15:41  Marine, Marauder x5  
  151  15:42  Marine x5  
  167  15:53  Hellion x2  
  171  15:59  Marine  
  171  16:00  Marine x5  
  171  16:02  Marine, Marauder x2  
  171  16:03  Marauder  
  184  16:12  Infernal Pre-Igniter  
  184  16:14  Hellion x2  
  184  16:17  Planetary Fortress  
  188  16:32  Refinery  
  182  16:36  Hellion x2  
  186  16:57  Refinery, Hellion x2  
  190  17:01  Orbital Command x2  
  184  17:28  Hellion x2  
  188  17:32  Marine  
  188  17:33  Marine x10  
Tags
 
Add a new tag
Caveats
  • Supply blocks, unpowered buildings, or Contaminate may cause inaccurate times.
  • Supply counts are checked every 10 seconds.